 Dungeon Crawl Stone Soup version 0.25-a0-1007-g10a8c3caa8 (webtiles) character file.

Game seed: 9527223967642037978, levelgen mode: deterministic

826 MisterFreud the Ducker (level 7, -21/48 HPs)
             Began as an Octopode Gladiator on May 11, 2020.
             Killed from afar by Dowan (27 damage)
             ... with a shard of ice
             ... on level 4 of the Dungeon.
             The game lasted 00:04:19 (3551 turns).

MisterFreud the Ducker (Octopode Gladiator)         Turns: 3551, Time: 00:04:23

Health: -21/48     AC:  1    Str: 13    XL:     7   Next: 96%
Magic:  7/7        EV: 16    Int: 13    God:
Gold:   101        SH:  0    Dex: 13    Spells: 6/6 levels left

rFire    . . .     SeeInvis .   a - +0 long sword
rCold    . . .     Gourm    .   (no shield)
rNeg     . . .     Faith    .   b - +0 hat
rPois    .         Spirit   .   (no amulet)
rElec    .         Reflect  .   (no ring)
rCorr    .         Harm     .   (no ring)
MR       .....                  (no ring)
Stlth    ++........             (no ring)
HPRegen  0.16/turn              (no ring)
MPRegen  0.10/turn              (no ring)
                                (no ring)
                                (no ring)

@: lethally poisoned (-21 -> -23)
A: almost no armour, stealthy swim, amphibious, 8 rings, constrict 8, camouflage
1, gelatinous body 1
a: no special abilities


You were on level 4 of the Dungeon.
You were not hungry.

You visited 1 branch of the dungeon, and saw 4 of its levels.

You collected 101 gold pieces.

Inventory:

Hand Weapons
 a - a +0 long sword (weapon)
Missiles
 c - a throwing net (quivered)
 p - 10 poisoned darts
 q - 23 arrows
 s - 2 silver javelins
 t - 17 bolts
 u - 26 stones
 v - 2 boomerangs
Armour
 b - a +0 hat (worn)
Scrolls
 e - a scroll of remove curse
 f - a scroll of fear
 i - a scroll of amnesia {unknown}
 j - a scroll of fog {unknown}
 r - a scroll of teleportation {unknown}
 x - a scroll of noise {unknown}
 y - a scroll of enchant armour {unknown}
Potions
 g - a potion of curing
 k - 2 potions of brilliance {unknown}
 l - a potion of lignification {unknown}
 m - 2 potions of berserk rage
 n - a potion of degeneration {unknown}
 o - a potion of flight {unknown}
 w - a potion of invisibility {unknown}
Comestibles
 d - 5 rations
 h - 9 chunks of flesh


   Skills:
 - Level 4.0 Fighting
 - Level 6.0 Long Blades
 - Level 2.0 Throwing
 + Level 6.6 Dodging


You had 6 spell levels left.
You didn't know any spells.
Your spell library was empty.

Dungeon Overview and Level Annotations

Branches:
Dungeon (4/15)
 Temple: D:4-7

Altars:
Dithmenos
Elyvilon
Ru
Wu Jian

Annotations:
D:4 Dowan


Innate Abilities, Weirdness & Mutations

You cannot wear most types of armour.
You are very stealthy in the water. (Stealth+)
You are amphibious.
You can wear up to eight rings at the same time.
You can use your tentacles to constrict eight enemies at once.
Your skin changes colour to match your surroundings (Stealth+).
Your rubbery body absorbs attacks. (AC +1, EV +1)


Message History

Unknown command.
Fire/throw which item? (* to show all) (? for menu, Esc to quit)
Throwing (i - inventory. (/) - cycle)
c - 3 throwing nets (quivered)
Press: ? - help, Shift-Dir - straight line, f - Dowan
Aim: Dowan, wielding a +0 dagger and wearing a +0 robe (lightly wounded, fast)
You throw a throwing net. The throwing net closely misses Dowan.
Dowan mumbles some strange words.
Dowan blinks!
Fire/throw which item? (* to show all) (? for menu, Esc to quit)
Throwing (i - inventory. (/) - cycle)
c - 2 throwing nets (quivered)
Press: ? - help, Shift-Dir - straight line, f/p - Dowan
Aim: Dowan, wielding a +0 dagger and wearing a +0 robe (lightly wounded, fast)
You throw a throwing net. The throwing net hits Dowan.
Dowan is caught in the net!
Dowan is lightly wounded.
You feel sick. Dowan casts a spell at you. The shard of ice hits you!!
Ouch! That really hurt!
You die...

e..... .#. .# ......
..####.# ..####
....(.## ...#
#......# .....
#......# .....
#......# .###...†..#
....###§.#
.##...#@.## .....
..........# .....
.....##e..# #.....
.###......####..)...
...###.............
##.###.............
#.................
...##....))..##
##......)....#


You could see Dowan (fast, caught).

Vanquished Creatures
  Grinder (D:3)
  Sigmund (D:2)
  A water moccasin skeleton (D:4)
  An orc priest (D:3)
  Terence (D:3)
  Jessica (D:2)
  3 orc wizards
  A worker ant (D:4)
  Robin (D:3)
  4 gnolls (D:2)
  2 adders
  An ooze (D:3)
  2 worms
  3 dart slugs (D:1)
  2 leopard geckos (D:3)
  6 orcs
  7 bats
  3 giant cockroaches
  13 goblins
  5 hobgoblins
  A quokka (D:2)
  A ball python (D:1)
  3 frilled lizards
  4 kobolds
  9 rats
77 creatures vanquished.

Vanquished Creatures (others)
  Duvessa (D:4)
1 creature vanquished.

Grand Total: 78 creatures vanquished

Notes
Turn   | Place    | Note
-------+----------+-------------------------------------------
     0 | D:1      | MisterFreud the Octopode Gladiator began the quest for the
                  | Orb.
     0 | D:1      | Reached XP level 1. HP: 14/14 MP: 1/1
    56 | D:1      | Reached XP level 2. HP: 6/20 MP: 2/2
   801 | D:1      | Reached XP level 3. HP: 22/26 MP: 3/3
  1053 | D:2      | Noticed Jessica
  1057 | D:2      | Killed Jessica
  1107 | D:2      | Noticed Sigmund
  1110 | D:2      | Found a faded altar of an unknown god.
  1116 | D:2      | Killed Sigmund
  1116 | D:2      | Reached skill level 5 in Long Blades
  1116 | D:2      | Reached XP level 4. HP: 17/33 MP: 4/4
  1116 | D:2      | Reached XP level 5. HP: 20/37 MP: 5/5
  1116 | D:2      | Reached XP level 6. HP: 23/43 MP: 6/6
  1845 | D:3      | Noticed Robin
  1967 | D:3      | Killed Robin
  2076 | D:3      | HP: 2/43 [orc/cursed -1 club (4)]
  2444 | D:3      | Noticed Terence
  2452 | D:3      | Killed Terence
  2728 | D:3      | Found a shadowy altar of Dithmenos.
  2731 | D:3      | Found a white marble altar of Elyvilon.
  2734 | D:3      | Found a sacrificial altar of Ru.
  2737 | D:3      | Found an ornate altar of the Wu Jian Council.
  2871 | D:3      | Noticed Grinder
  2880 | D:3      | Killed Grinder
  2880 | D:3      | Reached skill level 5 in Dodging
  2880 | D:3      | Reached XP level 7. HP: 48/48 MP: 7/7
  3101 | D:4      | Noticed Dowan
  3103 | D:4      | Noticed Duvessa
  3548 | D:4      | Killed Duvessa
  3551 | D:4      | Killed from afar by Dowan

Illustrated notes

Levels and vault maps discovered:
D:1:      dpeg_arrival_pits, layout_basic
D:2:      layout_basic, first_ration, chequers_ecumenical_altar_simple_redux,
          uniq_sigmund, uniq_jessica
D:3:      layout_basic, grunt_temple_overflow_cloverleaf, uniq_terence,
          uniq_robin, uniq_grinder
D:4:      layout_rooms, overflow_temple_1_default, lemuel_old_faithful,
          uniq_duvessa

Skill      XL: |  1  2  3  4  5  6  7 |
---------------+----------------------+-----
Fighting       | 3 4 |  4.0
Long Blades    | 5 6 |  6.0
Dodging        | 5 6 |  6.6
Throwing       | |  2.0

Action                   |  1- 3 |  4- 6 |  7- 9 || total
-------------------------+-------+-------+-------++-------
Melee: Long sword        |    42 |    75 |    29 ||   146
       Constrict         |    15 |    20 |    12 ||    47
       Tentacles         |     5 |    11 |    10 ||    26
Throw: Throwing net      |       |       |     2 ||     2
  Use: Scroll            |       |       |     4 ||     4
       Potion            |       |       |     2 ||     2
 Stab: Sleeping          |     3 |     2 |       ||     5
       Distracted        |       |     1 |       ||     1
  Eat: Chunk             |     1 |     5 |     2 ||     8
Armor: Skin              |     4 |     6 |     2 ||    12
Dodge: Dodged            |    23 |    81 |    36 ||   140
       Rpst.: Long sword |     5 |    23 |    11 ||    39

Table legend:
 A = Non-vault XP
 B = Vault XP
 C = Vault XP percentage of total XP
 D = Non-vault monster count
 E = Vault monster count
 F = Vault count percentage of total count
                 A         B        C        D         E       F
            +---------+---------+-------+---------+---------+-------
      Total |     442 |     739 |  62.6 |      62 |      16 |  20.5
            +---------+---------+-------+---------+---------+-------
        D:1 |      40 |       0 |   0.0 |      23 |       0 |   0.0
        D:2 |      87 |     283 |  76.5 |      16 |      10 |  38.5
        D:3 |     167 |     329 |  66.3 |      17 |       5 |  22.7
        D:4 |     148 |     127 |  46.2 |       6 |       1 |  14.3
            +---------+---------+-------+---------+---------+-------
